 Dungeon Crawl Stone Soup version 0.17.1-3-g152610e (webtiles) character file.

71 Metrazal the Sneak (level 4, 0/22 HPs)
             Began as a Spriggan Assassin on Mar 19, 2016.
             Succumbed to an adder's poison
             ... on level 2 of the Dungeon.
             The game lasted 00:08:13 (2112 turns).

Metrazal the Sneak (Spriggan Assassin)              Turns: 2112, Time: 00:08:13

Health: 0/22       AC:  3    Str: 17    XL:     4   Next: 5%
Magic:  5/5        EV: 18    Int: 12    God:
Gold:   86         SH:  0    Dex: 18    Spells: 0 memorised, 3 levels left

rFire  . . .     SeeInvis +     a - +2 dagger
rCold  . . .     Clarity  .     c - +0 robe
rNeg   . . .     SustAt   .     (shield restricted)
rPois  .         Gourm    .     (helmet restricted)
rElec  .         Spirit   .     d - +0 cloak
rCorr  .         Warding  .     (gloves unavailable)
rMut   .         Stasis   .     (boots unavailable)
MR     .....                    (no amulet)
Stlth  ++++......               (no ring)
                                i - +5 ring of strength

@: mighty, lethally poisoned (0 -> -6), very quick, not resistant to hostile
enchantments, stealthy
A: unfitting armour, see invisible, herbivore 3, speed 3, slow metabolism 2
a: no special abilities


You were on level 2 of the Dungeon.
You were not hungry.

You visited 1 branch of the dungeon, and saw 2 of its levels.

You collected 86 gold pieces.

Inventory:

Hand Weapons
 a - a +2 dagger (weapon)
 b - a +0 blowgun
Missiles
 e - 7 poisoned needles
 f - 2 curare-tipped needles
 j - 17 exploding sling bullets
 o - a stone (quivered)
 r - 12 sling bullets
Armour
 c - a +0 robe (worn)
 d - a +0 cloak (worn)
Jewellery
 i - a +5 ring of strength (left hand)
Wands
 q - a wand of confusion (28)
Potions
 k - a potion of haste
 l - a potion of magic {unknown}
 m - a potion of might
 n - a potion of curing {unknown}
 p - a potion of resistance {unknown}
 s - a potion of poison {unknown}
Comestibles
 g - a bread ration
 h - a slice of pizza
 t - a royal jelly


   Skills:
 - Level 1.5 Fighting
 + Level 3.4 Short Blades
 - Level 2.0 Throwing
 + Level 3.1 Dodging
 + Level 6.9 Stealth


You had 3 spell levels left.
You didn't know any spells.

Dungeon Overview and Level Annotations

Branches:
Dungeon (2/15)

Altars:
Gozag


Innate Abilities, Weirdness & Mutations

You are tiny and cannot use many weapons and most armour.
You have supernaturally acute eyesight.
You are a herbivore.
You cover ground extremely quickly.
You need consume almost no food.


Message History

The adder is lightly wounded.
The adder closely misses you.
You hit the adder.
The adder is moderately wounded.
You feel sick. The adder misses you.
You hit the adder.
The adder is moderately wounded.
The adder bites you but does no damage.
You feel sick.
The ooze jiggles.
* * * LOW HITPOINT WARNING * * *
You feel sick.
You open the door.
* * * LOW HITPOINT WARNING * * *
You feel sick. The adder bites you.
* * * LOW HITPOINT WARNING * * *
There is an open door here.
It was a potion of might.
You feel very mighty all of a sudden.
You die...

######### #.......# #.......#
##### #.......# ##### ....##
#..[....# ......
.....######.......#########...!..
................@.S.g.J.....>....
###.#.#####.......#.#####...#####
# #.#..# #.......#.# #.†...... #
#.##.# #.......#.# #........ #
#.##.#####...####.# ##.......
###.......##......#.# .......
..†.###.#.##......#.# #+#####
###.# #.#.##......#.# #####.#
....# #.#.##......#.# #.....#####


You could see an ooze, an adder and a goblin.

Vanquished Creatures
  4 adders (D:2)
  An ooze (D:2)
  3 giant geckos
  A ball python (D:2)
  3 giant cockroaches
  A goblin (D:2)
  5 hobgoblins
  2 bats
  A giant newt (D:2)
  3 kobolds
  5 rats (D:2)
29 creatures vanquished.

Notes
Turn   | Place    | Note
--------------------------------------------------------------
     0 | D:1      | Metrazal the Spriggan Assassin began the quest for the Orb.
     0 | D:1      | Reached XP level 1. HP: 10/10 MP: 2/2
   354 | D:1      | Reached skill level 6 in Stealth
   600 | D:1      | Reached XP level 2. HP: 14/14 MP: 3/3
  1351 | D:2      | Reached XP level 3. HP: 18/18 MP: 4/4
  1971 | D:2      | Found an opulent altar of Gozag.
  2000 | D:2      | Reached XP level 4. HP: 22/22 MP: 5/5
  2108 | D:2      | HP: 1/22 [adder (4)]
  2112 | D:2      | Succumbed to an adder's poison

Action                   |  1- 3 |  4- 6 || total
-------------------------+-------+-------++-------
Melee: Dagger            |    92 |    14 ||   106
 Fire: Blowgun           |     1 |       ||     1
  Use: Scroll            |     5 |       ||     5
       Potion            |       |     1 ||     1
 Stab: Sleeping          |    11 |     1 ||    12
       Distracted        |       |     1 ||     1
